 Dungeon Crawl Stone Soup version 0.31-a0-662-g684573625c (webtiles) character file.

Game seed: 10120948323476237658

121 Zdeegee the Caller (level 5, -1/25 HPs)
             Began as a Vine Stalker Summoner on Aug 31, 2023.
             Slain by an orc
             ... wielding a +0 flail
              (7 damage)
             ... on level 4 of the Dungeon on Sept 1, 2023.
             The game lasted 00:06:19 (2234 turns).

Zdeegee the Caller (Vine Stalker Summoner)          Turns: 2234, Time: 00:06:19

Health: -1/25      AC:  3    Str: 10    XL:     5   Next: 5%
Magic:  0/10       EV: 12    Int: 17    God:
Gold:   90         SH:  0    Dex: 15    Spells: 1/10 levels left

rFire   . . .        e - +0 mace
rCold   . . .        (no shield)
rNeg    . . .        a - +0 robe
rPois   .            (no helmet)
rElec   .            (no cloak)
rCorr   .            i - +0 pair of gloves
SInv    .            (no boots)
Will    .....        (no amulet)
Stlth   ++           (no ring)
HPRegen 1.04/turn    (no ring)
MPRegen 0.12/turn

%: guardian spirit
@: no status effects
A: fangs 2, regeneration 1, magic shield, antimagic bite, no potion heal 2
a: no special abilities


You were on level 4 of the Dungeon.
You visited 1 branch of the dungeon, and saw 4 of its levels.

You collected 90 gold pieces.

Inventory:

Hand Weapons
 e - a +0 mace (weapon)
 k - a +0 sling
Armour
 a - a +0 robe (worn)
 i - a +0 pair of gloves (worn)
Magical Staves
 h - a staff of poison
Talismans
 j - a flux talisman
Scrolls
 c - 2 scrolls of summoning {unknown}
 f - 5 scrolls of teleportation {unknown}
 g - a scroll of blinking
 m - a scroll of enchant armour {unknown}
Potions
 b - a potion of magic
 d - a potion of attraction {unknown}
 l - a potion of degeneration {unknown}
 n - a potion of curing {unknown}


   Skills:
 * Level 0.5 Fighting
 + Level 0.1 Ranged Weapons
 * Level 2.0 Dodging
 + Level 3.0 Stealth
 + Level 0.9 Unarmed Combat
 * Level 3.1 Spellcasting
 * Level 1.0 Conjurations
 * Level 4.9 Summonings


You had one spell level left.
You knew the following spells:

 Your Spells              Type           Power      Damage    Failure   Level
a - Summon Small Mammal   Summ           76%        N/A       2%          1
b - Call Imp              Summ           38%        N/A       3%          2
c - Call Canine Familiar  Summ           19%        N/A       7%          3
d - Summon Guardian Gole  Hex/Summ       10%        N/A       19%         3

Your spell library contained the following spells:

 Spells                   Type           Power      Damage    Failure   Level
 Summon Lightning Spire   Summ/Air       10%        N/A       54%         4


Dungeon Overview and Level Annotations

Branches:
Dungeon (4/15)
 Temple: D:4-7

Altars:
Elyvilon

Shops:
D:2 (


Innate Abilities, Weirdness & Mutations

You have extremely sharp teeth.
Your natural rate of healing is unusually fast.
When hurt, damage is shared between your health and your magic reserves.
Your bite disrupts and absorbs the magic of your enemies.
Potions cannot restore your health.


Message History

The orc attacks as it pursues you! The orc hits you but does no damage.
You hear an angry hiss.
There is a stone staircase leading down here.
The howler monkey barely misses you. The orc closely misses you.
You climb downwards.
Found a cloak.
There is a stone staircase leading up here.
Casting: Summon Small Mammal (safe; 2% risk of failure)
Confirm with . or Enter, or press ? or * to list all spells.
A tiny devil pulls itself out of the air.
The howler monkey misses you. The orc barely misses you.
The howler monkey closely misses you.
Casting: Call Imp (safe; 3% risk of failure)
Confirm with . or Enter, or press ? or * to list all spells.
You don't have enough magic to cast this spell.
e - a +0 mace (weapon)
You completely miss the orc. You bite the orc. You drain its power.
You feel invigorated.
The orc is moderately wounded.
The howler monkey hits you. The orc hits you with a +0 flail!
Your cerulean imp closely misses the howler monkey.
The howler monkey hits you. The orc barely misses you.
You hit the orc.
The orc is severely wounded.
Your cerulean imp hits the howler monkey with a -3 spear.
The howler monkey hoots and howls with incredible vigour!
The orc hits you with a +0 flail.
Your cerulean imp hits the howler monkey with a -3 spear.
The howler monkey hits you.
* * * LOW HITPOINT WARNING * * *
You hear an angry hiss.
You hear a shout! x2; You hear an angry growl.
You barely miss the orc.
The orc is severely wounded.
The orc hits you with a +0 flail.
* * * LOW HITPOINT WARNING * * *
An iguana comes into view.
The howler monkey closely misses you.
Your cerulean imp closely misses the howler monkey.
The orc hits you with a +0 flail!
You die...

...
...
..
[l
#.
#5
#h##
#o@#
####


You could see a howler monkey (catching breath, ally target), an iguana, an orc
and a friendly cerulean imp (summoned).

Vanquished Creatures
  4 bats
  An endoplasm (D:1)
  3 giant cockroaches
  5 goblins
  2 hobgoblins (D:2)
  3 jackals (D:1)
  A quokka (D:1)
  2 ball pythons (D:1)
  A kobold (D:1)
  4 rats
26 creatures vanquished.

Vanquished Creatures (collateral kills)
  2 adders (D:2)
  4 gnolls (D:2)
  2 dart slugs (D:1)
  2 bats
  3 endoplasms
  2 goblins (D:2)
  2 hobgoblins (D:1)
  5 jackals (D:1)
  3 kobolds (D:1)
  A quokka (D:1)
  A frilled lizard (D:1)
  2 rats (D:1)
29 creatures vanquished.

Grand Total: 55 creatures vanquished

Notes
Turn   | Place    | Note
-------+----------+-------------------------------------------
     0 | D:1      | Zdeegee the Vine Stalker Summoner began the quest for the
                  | Orb.
     0 | D:1      | Reached XP level 1. HP: 9/9 MP: 4/4
    66 | D:1      | Reached XP level 2. HP: 13/13 MP: 4/6
    69 | D:1      | Learned a level 2 spell: Call Imp
   277 | D:1      | Found a faded altar of an unknown god.
   460 | D:1      | Reached XP level 3. HP: 16/16 MP: 4/7
   464 | D:1      | Learned a level 3 spell: Call Canine Familiar
  1513 | D:2      | Found a white marble altar of Elyvilon.
  1613 | D:2      | Found Ekitiwak's Weapon Emporium.
  1664 | D:2      | Reached XP level 4. HP: 21/21 MP: 2/8
  2067 | D:2      | Reached skill level 1 in Conjurations
  2067 | D:2      | Reached XP level 5. HP: 25/25 MP: 3/10
  2155 | D:2      | Learned a level 3 spell: Summon Guardian Golem
  2196 | D:2      | Noticed a nameless horror
  2234 | D:4      | Slain by an orc

Illustrated notes

Levels and vault maps discovered:
D:1:      dpeg_arrival_rooms_a, layout_basic, nicolae_ecumenical_lake_church,
          chequers_avenue, minmay_misc_feat_x, nicolae_twisty_statue_hallways
D:2:      layout_rooms, serial_shops, nicolae_shop_trees, basic_altar,
          kennysheep_decorative_pillar, kennysheep_boxes
D:3:      layout_basic, minmay_misc_feat_four_crosses,
          dreamdust_princess_corridor, chequers_arboretum
D:4:      layout_basic, minmay_distorted

Skill      XL: |  1  2  3  4 |
---------------+-------------+-----
Stealth        | 3 |  3.0
Spellcasting   | 3 |  3.1
Dodging        | 2 |  2.0
Conjurations   | 1 |  1.0
Fighting       | |  0.5
Ranged Weapons | |  0.1
Unarmed Combat | |  0.9
Summonings     | |  4.9

Action                     |  1- 3 |  4- 6 || total
---------------------------+-------+-------++-------
  Melee: Unarmed           |    42 |       ||    42
         Bite              |    13 |     1 ||    14
         Mace              |    22 |     3 ||    25
         Punch             |     2 |       ||     2
   Fire: Sling             |     4 |    12 ||    16
   Cast: Summon Small Mamm |     7 |     4 ||    11
         Call Imp          |    25 |     8 ||    33
         Call Canine Famil |     7 |     6 ||    13
    Use: Scroll            |     1 |       ||     1
   Stab: Sleeping          |     3 |       ||     3
 Armour: Robe              |    61 |    12 ||    73
  Dodge: Dodged            |    74 |    11 ||    85

Table legend: (Time is in decaauts)
 A = Elapsed time spent in this place.
 B = Non-inter-level travel time spent in this place.
 C = Inter-level travel time spent in this place.
 D = Time resting spent in this place.
 E = Time spent auto-exploring this place.
 F = Levels seen in this place.
 G = Mean time per level.
                   A        B        C        D        E       F      G
               +--------+--------+--------+--------+--------+-----+--------+
         Total |   2248 |   2236 |     12 |      0 |   1781 |   4 |  562.0 |
       Dungeon |   2248 |   2236 |     12 |      0 |   1781 |   4 |  562.0 |
               +--------+--------+--------+--------+--------+-----+--------+

Top non-repeatable levels by time:
     D:1: 1334 daAuts
     D:2: 900 daAuts
     D:3: 8 daAuts
     D:4: 5 daAuts
